cohdb
Replays
Latest Replays
All Replays
Popular Replays
Top Player Replays
Match Explorer
How It Works
Community
CoH3 Stats
Reddit
Sign in to upload your games and track your stats! →
Sign in with Steam
Match 43851706
Unlisted
Match 43851706
Overview
Messages
Build Orders
End
Construct Infanterie Kompanie
Kettenkrad Recon Vehicle
Grenadier Squad
MG 42 Machine Gun Team
Grenadier Squad
Construct Luftwaffe Kompanie
221 Scout Car
Selects Mechanized Battlegroup
Medical Bunker
Jäger Squad
Selects Raid Package
Selects StuG Assault Group
StuG Assault Group
Luftwaffe Officer Quarters
Jäger Squad
StuG Assault Group
Selects Spotting Scopes
Selects Wespe Self-propelled Artillery
Jäger Squad
Construct Panzer Kompanie
Selects UNKNOWN (2160084)
Panther Heavy Tank
SvaMp
Sarmynation
0
0
Comments
sign in to comment!
No comments posted yet!